 Dungeon Sprint DCSS version 0.28-a0-938-gbc3f381ebc (webtiles) character file.

Game seed: 10137588559382657830

31011 mhtbhm the Shatterer (level 13, -1/150 HPs)
             Began as a Troll Berserker on Nov 28, 2021.
             Was the Champion of Trog.
             Succumbed to a fenstrider witch's toxic sludge
             ... in the Dungeon (Sprint IX: "|||||||||||||||||||||||||||||").
             The game lasted 00:07:12 (2180 turns).

mhtbhm the Shatterer (Troll Berserker)              Turns: 2180, Time: 00:07:13

Health: -1/150     AC: 18    Str: 32    XL:     13   Next: 23%
Magic:  4/4        EV: 11    Int:  3    God:    Trog [******]
Gold:   7          SH:  0    Dex:  9    Spells: 12/12 levels left

rFire   . . .      SeeInvis .   a - +11 giant spiked club (antimagic)
rCold   + + .      Faith    .   (shield currently unavailable)
rNeg    . . .      Spirit   .   b - +1 ice dragon scales
rPois   .          Reflect  .   (helmet restricted)
rElec   .          Harm     .   z - +1 cloak
rCorr   .          Rampage  .   (gloves unavailable)
Will    .....      NoTele   +   (boots unavailable)
Stlth   ..........              p - amulet of regeneration
HPRegen 1.95/turn               k - +4 ring of slaying
MPRegen 0.09/turn               x - ring of protection from fire

@: lethally poisoned (-1 -> -16), on berserk cooldown, slowed, very slow
A: large, unfitting armour, claws 3, regeneration 1, shaggy fur 1, tough skin 1
a: Renounce Religion, Berserk, Trog's Hand, Brothers in Arms


You were in the Dungeon.
You worshipped Trog.
Trog was exalted by your worship.
You visited 1 branch You collected 1921 gold pieces.
You spent 1914 gold pieces at shops.

Inventory:

Hand Weapons
 a - a +11 antimagic giant spiked club (weapon)
Missiles
 q - 2 throwing nets (quivered)
Armour
 b - +1 ice dragon scales (worn)
 z - a +1 cloak (worn)
Jewellery
 k - a +4 ring of slaying (left claw)
 l - a +2 ring of protection
 p - an amulet of regeneration (around neck)
 v - a ring of see invisible
 w - a ring of poison resistance
 x - a ring of protection from fire (right claw)
 y - a ring of protection from cold
Wands
 j - a wand of iceblast (10)
 r - a wand of charming (4)
Scrolls
 h - 2 scrolls of blinking
 m - 6 scrolls of enchant armour
 n - 4 scrolls of enchant weapon
 o - 2 scrolls of fog
 u - a scroll of fear
Potions
 c - 6 potions of curing
 d - 12 potions of heal wounds
 e - a potion of haste
 f - 4 potions of magic
 g - 2 potions of berserk rage
 i - a potion of invisibility
 s - 4 potions of mutation
 t - a potion of might


   Skills:
 + Level 15.4 Fighting
 + Level 22.4 Maces & Flails
 + Level 10.3 Armour
 + Level 12.4 Dodging
 + Level 1.7 Stealth
 + Level 3.6 Unarmed Combat


You had 12 spell levels left.
You didn't know any spells.
Your spell library was empty.

Dungeon Overview and Level Annotations

Branches:
Dungeon (1/1)

Altars:
Cheibriados
Dithmenos
Elyvilon
Fedhas
Gozag
Hepliaklqana
Kikubaaqudgha
Makhleb
Nemelex Xobeh
Okawaru
Qazlal
Ru
Sif Muna
Trog
Uskayaw
Vehumet
Wu Jian
Xom
Yredelemnul
Zin
The Shining One
Beogh
Jiyva
Lugonu

Shops:
D [=!=


Innate Abilities, Weirdness & Mutations

You are too large for most types of armour.
You have claws for hands.
Your natural rate of healing is unusually fast.
You are covered in fur. (AC +1)
You have tough skin. (AC +1)


Message History

The spriggan rider hits you from afar with a +0 spear.
You fester in the toxic bog!
You are more poisoned.
You are no longer berserk.
You feel yourself slow down.
You feel extremely sick.
The fenstrider witch points at you and mumbles some strange words.
You shrug off the repeated paralysis!
The spriggan rider hits you but does no damage.
The will-o-the-wisp gestures.
The will-o-the-wisp conjures some foxfire!
A foxfire comes into view.
You feel extremely sick.
The fenstrider witch hits you but does no damage.
The fenstrider witch kicks you.
The spriggan rider hits you from afar with a +0 spear!!
The will-o-the-wisp gestures.
The fenstrider witch hits you! The fenstrider witch kicks you.
* * * LOW HITPOINT WARNING * * *
You feel extremely sick.
The fenstrider witch gestures at you while chanting.
You shrug off the repeated paralysis!
The spriggan rider hits you but does no damage.
You can move again.
You miss the fenstrider witch.
You feel very sick.
The fenstrider witch casts a spell at you.
The toxic sludge hits you!!
You are more poisoned.
* * * LOW HITPOINT WARNING * * *
Splash!
You fall into the toxic bog.
Moving in this stuff is going to be slow.
The spriggan rider hits you from afar with a +0 spear!
* * * LOW HITPOINT WARNING * * *
Unknown command.
Blink to where?
Press: ? - help, Dir - move target
As you read the scroll of blinking, it crumbles to dust.
You die...

_▓.▓.▓)▓.▓.▓.▓.▓.▓
_▓.▓.▓.▓.▓.▓[▓.▓†▓
_▓.▓.▓.▓.▓.▓[▓.▓'▓
_▓.▓.▓.▓.▓.▓[▓.▓)▓
_▓.▓.▓.▓'▓.▓[▓†▓†▓
_▓.▓.▓.▓)▓.▓[▓.▓.▓
_▓.▓.▓.▓)▓.▓[▓.▓.▓
_▓.▓)▓.▓)▓.▓[▓.▓.▓
_▓.▓'▓.▓)▓)▓[▓.▓@▓
_▓.▓†▓.▓)▓)▓.▓.▓.▓
_▓.▓.▓.▓)▓.▓.▓.▓.▓
_▓.▓.▓.▓)▓.▓.▓.▓.▓
_▓.▓.▓.▓.▓.▓.▓.♣'♣
_▓.▓.▓.▓)▓.▓.▓.♣.♣
_▓.▓.▓.▓)▓.▓.▓.♣)♣
_▓.▓.▓.▓)▓.▓.▓.♣§♣
_▓.▓.▓.▓)▓.▓.▓)♣H♣


There were no monsters in sight!

Vanquished Creatures
  Kirke (D)
  An emperor scorpion (D)
  Nessos (D)
  An entropy weaver (D)
  Snorg (D)
  Josephine (D)
  Erolcha (D)
  A hydra (D)
  Harold (D)
  A naga warrior (D)
  A centaur warrior (D)
  A salamander tyrant (D)
  A ghost crab (D)
  2 alligators (D)
  A death yak (D)
  2 orc high priests (D)
  A spriggan druid (D)
  3 orc knights (D)
  2 wizards (D)
  An orc sorcerer (D)
  2 ugly things (D)
  A will-o-the-wisp (D)
  A cyclops (D)
  An elephant (D)
  A guardian serpent (D)
  4 naga magi (D)
  3 black mambas (D)
  5 cane toads (D)
  A gargoyle (D)
  3 komodo dragons (D)
  A kobold demonologist (D)
  An unseen horror (D)
  3 demonic crawlers (D)
  2 jumping spiders (D)
  2 trolls (D)
  A blink frog (D)
  A yak (D)
  2 tarantellas (D)
  2 hogs (D)
  5 wraiths (D)
  A basilisk (D)
  A naga (D)
  2 vampire mosquitoes (D)
  A warg (D)
  2 acid dragons (D)
  2 water moccasins (D)
  3 hell hounds (D)
  10 orc warriors (D)
  6 wolves (D)
  2 centaurs (D)
  3 bullfrogs (D)
  2 scorpions (D)
  A howler monkey (D)
  An orc priest (D)
  3 orc wizards (D)
  An adder (D)
  12 orcs (D)
  A giant cockroach (D)
  A kobold (D)
  2 quokkas (D)
  2 rats (D)
126 creatures vanquished.

Vanquished Creatures (collateral kills)
  A sphinx (D)
  A very ugly thing (D)
  A rakshasa (D)
  A tengu warrior (D)
  A glowing orange brain (D)
  An orc knight (D)
  A floating eye (D)
  6 orcs (D)
13 creatures vanquished.

Vanquished Creatures (others)
  3 humans (D)
  Grum (D)
  A wolf (D)
  A foxfire (D)
6 creatures vanquished.

Grand Total: 145 creatures vanquished

Notes
Turn   | Place    | Note
-------+----------+-------------------------------------------
     0 | D        | mhtbhm the Troll Berserker began the quest for the Orb.
     0 | D        | Reached XP level 1. HP: 22/22 MP: 0/0
    17 | D        | Reached skill level 3 in Maces & Flails
    18 | D        | Reached ** piety under Trog
   125 | D        | Noticed a scorpion
   125 | D        | Noticed a scorpion
   125 | D        | Noticed a howler monkey
   130 | D        | Killed a scorpion
   131 | D        | Reached skill level 5 in Maces & Flails
   131 | D        | Reached XP level 2. HP: 32/32 MP: 1/1
   131 | D        | Reached XP level 3. HP: 39/39 MP: 2/2
   133 | D        | Reached *** piety under Trog
   137 | D        | Reached XP level 4. HP: 48/48 MP: 3/3
   138 | D        | Killed a scorpion
   139 | D        | Reached skill level 6 in Maces & Flails
   139 | D        | Reached skill level 5 in Dodging
   141 | D        | Reached skill level 5 in Fighting
   141 | D        | Reached XP level 5. HP: 57/57 MP: 4/4
   147 | D        | Found a snail-covered altar of Cheibriados.
   147 | D        | Found a shadowy altar of Dithmenos.
   147 | D        | Found a white marble altar of Elyvilon.
   147 | D        | Found a blossoming altar of Fedhas.
   147 | D        | Found an opulent altar of Gozag.
   148 | D        | Found a hazy altar of Hepliaklqana.
   149 | D        | Found a viscous altar of Jiyva.
   150 | D        | Found an ancient bone altar of Kikubaaqudgha.
   151 | D        | Found a corrupted altar of Lugonu.
   152 | D        | Found a burning altar of Makhleb.
   153 | D        | Found a sparkling altar of Nemelex Xobeh.
   154 | D        | Found an iron altar of Okawaru.
   155 | D        | Found a stormy altar of Qazlal.
   156 | D        | Found a sacrificial altar of Ru.
   157 | D        | Found a shimmering blue altar of Sif Muna.
   158 | D        | Found a bloodstained altar of Trog.
   159 | D        | Found a hide-covered altar of Uskayaw.
   160 | D        | Found a radiant altar of Vehumet.
   161 | D        | Found an ornate altar of the Wu Jian Council.
   162 | D        | Found a shimmering altar of Xom.
   163 | D        | Found a basalt altar of Yredelemnul.
   164 | D        | Found a glowing silver altar of Zin.
   165 | D        | Found a glowing golden altar of the Shining One.
   238 | D        | Noticed a gargoyle
   238 | D        | Noticed a centaur
   238 | D        | Noticed an acid dragon
   238 | D        | Noticed a troll
   238 | D        | Noticed a centaur
   238 | D        | Noticed a yak
   242 | D        | Killed a gargoyle
   242 | D        | Reached **** piety under Trog
   243 | D        | Reached skill level 8 in Maces & Flails
   243 | D        | Reached XP level 6. HP: 68/68 MP: 5/5
   244 | D        | Reached skill level 9 in Maces & Flails
   244 | D        | Reached XP level 7. HP: 76/76 MP: 6/6
   298 | D        | Killed a troll
   299 | D        | Reached skill level 10 in Maces & Flails
   306 | D        | Killed a yak
   306 | D        | Reached ***** piety under Trog
   307 | D        | Reached XP level 8. HP: 55/88 MP: 7/7
   334 | D        | Noticed a kobold demonologist
   334 | D        | Noticed a seven-headed hydra
   334 | D        | Noticed a troll
   337 | D        | Noticed an orange demon
   339 | D        | Reached skill level 11 in Maces & Flails
   362 | D        | Killed an unseen horror
   363 | D        | Reached skill level 1 in Armour
   369 | D        | Killed a seven-headed hydra
   370 | D        | Reached skill level 12 in Maces & Flails
   370 | D        | Reached XP level 9. HP: 72/97 MP: 8/8
   520 | D        | Reached skill level 10 in Dodging
   524 | D        | Killed a kobold demonologist
   524 | D        | Received a gift from Trog
   530 | D        | Killed a troll
   531 | D        | Reached skill level 13 in Maces & Flails
   672 | D        | Noticed a komodo dragon
   672 | D        | Noticed a black mamba
   672 | D        | Noticed a cane toad
   672 | D        | Noticed a komodo dragon
   673 | D        | Noticed a death yak
   676 | D        | Killed a komodo dragon
   677 | D        | Reached skill level 1 in Stealth
   677 | D        | Killed a black mamba
   678 | D        | Reached skill level 5 in Armour
   682 | D        | Noticed a cane toad
   686 | D        | Killed a death yak
   687 | D        | Reached skill level 14 in Maces & Flails
   687 | D        | Reached XP level 10. HP: 110/110 MP: 9/9
   690 | D        | Killed a cane toad
   694 | D        | Reached skill level 10 in Fighting
   697 | D        | Killed a cane toad
   697 | D        | Reached ****** piety under Trog
   737 | D        | Noticed a black mamba
   737 | D        | Noticed a cane toad
   744 | D        | Noticed an elephant
   747 | D        | Killed a black mamba
   747 | D        | Noticed a cane toad
   751 | D        | Killed a cane toad
   752 | D        | Reached skill level 15 in Maces & Flails
   753 | D        | Noticed a cane toad
   760 | D        | Received a gift from Trog
   764 | D        | Killed an elephant
   767 | D        | Killed a cane toad
   770 | D        | Killed a cane toad
   797 | D        | Reached skill level 16 in Maces & Flails
   839 | D        | Received a gift from Trog
   846 | D        | Reached XP level 11. HP: 97/120 MP: 10/10
   927 | D        | Noticed Josephine
   935 | D        | Killed Josephine
   941 | D        | Reached skill level 17 in Maces & Flails
   943 | D        | Received a gift from Trog
   975 | D        | Noticed Harold
   980 | D        | Killed Harold
  1016 | D        | Identified the +4 dire flail of Exzid {vorpal, *Corrode
                  | rC++ rN+} (Trog gifted it to you in the Dungeon)
  1016 | D        | Received a gift from Trog
  1031 | D        | Received a gift from Trog
  1083 | D        | Noticed an orc knight
  1087 | D        | Killed an orc knight
  1093 | D        | Received a gift from Trog
  1104 | D        | Reached skill level 18 in Maces & Flails
  1116 | D        | Received a gift from Trog
  1159 | D        | Found Imuriaq's Antique Armour Emporium.
  1159 | D        | Noticed an orc knight
  1159 | D        | Noticed an orc high priest
  1160 | D        | Noticed an orc knight
  1170 | D        | Killed an orc knight
  1174 | D        | Killed an orc high priest
  1184 | D        | Killed an orc knight
  1223 | D        | Noticed an orc sorcerer
  1230 | D        | Killed an orc sorcerer
  1230 | D        | Received a gift from Trog
  1348 | D        | Found Lokir's Jewellery Shoppe.
  1352 | D        | Found Ytief Qock's Distillery.
  1356 | D        | Found Koczamig's Jewellery Shoppe.
  1361 | D        | Noticed an orc high priest
  1366 | D        | Noticed a sixfirhy
  1378 | D        | Killed an orc high priest
  1409 | D        | Bought a potion of heal wounds for 50 gold pieces
  1409 | D        | Bought a potion of heal wounds for 50 gold pieces
  1409 | D        | Bought a potion of heal wounds for 50 gold pieces
  1409 | D        | Bought a potion of mutation for 80 gold pieces
  1409 | D        | Bought a potion of might for 40 gold pieces
  1413 | D        | Bought a runed scarf for 240 gold pieces
  1428 | D        | Bought a +4 ring of slaying for 1014 gold pieces
  1435 | D        | Bought an amulet of regeneration for 390 gold pieces
  1489 | D        | Noticed Erolcha
  1494 | D        | Killed Erolcha
  1494 | D        | Received a gift from Trog
  1495 | D        | Reached skill level 19 in Maces & Flails
  1627 | D        | Noticed a cyan ugly thing
  1627 | D        | Noticed a centaur warrior
  1627 | D        | Noticed a purple ugly thing
  1627 | D        | Noticed an orc knight
  1627 | D        | Noticed a wizard
  1632 | D        | Killed a cyan ugly thing
  1636 | D        | Killed a centaur warrior
  1645 | D        | Killed a purple ugly thing
  1646 | D        | Reached XP level 12. HP: 136/136 MP: 3/11
  1647 | D        | Paralysed by a floating eye for 3 turns
  1650 | D        | Noticed a rakshasa
  1655 | D        | Noticed a tengu warrior
  1655 | D        | Paralysed by a floating eye for 3 turns
  1658 | D        | Noticed a tengu warrior
  1662 | D        | Paralysed by a floating eye for 3 turns
  1664 | D        | Noticed a sphinx
  1665 | D        | Received a gift from Trog
  1674 | D        | Killed a rakshasa
  1675 | D        | Reached skill level 20 in Maces & Flails
  1675 | D        | Killed a tengu warrior
  1676 | D        | Killed a sphinx
  1680 | D        | Noticed a purple very ugly thing
  1685 | D        | Killed a purple very ugly thing
  1767 | D        | Received a gift from Trog
  1812 | D        | Noticed Snorg
  1819 | D        | Killed Snorg
  1824 | D        | Noticed Nessos
  1833 | D        | Noticed Kirke
  1834 | D        | Reached skill level 21 in Maces & Flails
  1840 | D        | Killed Nessos
  1862 | D        | Killed Kirke
  1862 | D        | Received a gift from Trog
  1863 | D        | Reached skill level 1 in Unarmed Combat
  1912 | D        | Killed Grum
  1985 | D        | Noticed a salamander tyrant
  1987 | D        | Noticed a naga warrior
  1994 | D        | Killed a naga warrior
  1994 | D        | Received a gift from Trog
  2003 | D        | Killed a salamander tyrant
  2003 | D        | Received a gift from Trog
  2078 | D        | Noticed an emperor scorpion
  2078 | D        | Noticed an entropy weaver
  2084 | D        | Reached XP level 13. HP: 148/148 MP: 4/12
  2092 | D        | Killed an emperor scorpion
  2094 | D        | Reached skill level 22 in Maces & Flails
  2096 | D        | Identified the +4 giant club "Murmur" {vorpal, Fragile
                  | rElec rCorr Stlth+} (Trog gifted it to you in the Dungeon)
  2096 | D        | Received a gift from Trog
  2097 | D        | Reached skill level 10 in Armour
  2101 | D        | Killed an entropy weaver
  2102 | D        | Reached skill level 15 in Fighting
  2121 | D        | Received a gift from Trog
  2147 | D        | Noticed a fenstrider witch
  2173 | D        | Paralysed by a fenstrider witch for 5 turns
  2179 | D        | HP: 6/150 [spriggan rider (9)]
  2180 | D        | Succumbed to a fenstrider witch's toxic sludge

Illustrated notes

Levels and vault maps discovered:
D:        linesprint [early_d, line_temple, items_1, d_10, items_2, lair_1,
          lair_end, items_3, orc_1, orc_end, items_4, d_15, swamp_1, shoals_1,
          snake_1, spider_1, d_20, vaults_1, items_5, swamp_end, shoals_end,
          snake_end, spider_end, vaults_end, d_27, items_6, zot_1, zot_end,
          crypt_end, forest_end, elf_end, slime_end, tomb_end, abyss_end,
          pan_hell_end]

Skill      XL: |  1  2  3  4  5  6  7  8  9 10 11 12 13 |
---------------+----------------------------------------+-----
Maces & Flails | 5 6 8 9 10 12 14 16 19 21 22 | 22.4
Fighting       | 4 5 6 7 8 9 11 13 14 15 | 15.4
Dodging        | 4 5 7 9 10 11 12 | 12.4
Armour         | 3 5 7 8 9 10 | 10.3
Stealth        | 1 |  1.7
Unarmed Combat | 2 3 |  3.6

Action                   |  1- 3 |  4- 6 |  7- 9 | 10-12 | 13-15 || total
-------------------------+-------+-------+-------+-------+-------++-------
Melee: Mace              |    29 |     4 |       |       |       ||    33
       Morningstar       |       |     4 |    68 |       |       ||    72
       Great mace        |       |       |    12 |    95 |       ||   107
       Giant spiked club |       |       |       |   151 |    42 ||   193
       Unarmed           |       |       |       |    13 |       ||    13
Invok: Berserk           |     1 |     1 |     4 |    10 |     1 ||    17
       Brothers in Arms  |       |       |       |     3 |       ||     3
  Use: Potion            |       |       |     1 |     3 |       ||     4
       Scroll            |       |       |       |       |     1 ||     1
Armor: Animal skin       |     8 |     1 |     5 |       |       ||    14
       Troll leather arm |       |       |    37 |    27 |       ||    64
       Ice dragon scales |       |       |       |    34 |    33 ||    67
Dodge: Dodged            |    13 |     4 |    33 |   114 |    28 ||   192

Table legend: (Time is in decaauts)
 A = Elapsed time spent in this place.
 B = Non-inter-level travel time spent in this place.
 C = Inter-level travel time spent in this place.
 D = Time resting spent in this place.
 E = Time spent auto-exploring this place.
 F = Levels seen in this place.
 G = Mean time per level.
                   A        B        C        D        E       F      G
               +--------+--------+--------+--------+--------+-----+--------+
         Total |   2246 |   2246 |      0 |    848 |    185 |   1 | 2246.0 |
       Dungeon |   2246 |   2246 |      0 |    848 |    185 |   1 | 2246.0 |
               +--------+--------+--------+--------+--------+-----+--------+

Top non-repeatable levels by time:
       D: 2246 daAuts
